 Dungeon Crawl Stone Soup version 0.19-a0-76-g295c512 (webtiles) character file.

419 wvc the Slasher (level 6, -5/50 HPs)
             Began as a Demigod Wanderer on May 12, 2016.
             Slain by an orc
             ... wielding a +0 morningstar
              (11 damage)
             ... on level 4 of the Dungeon.
             The game lasted 00:07:19 (4465 turns).

wvc the Slasher (Demigod Wanderer)                  Turns: 4465, Time: 00:07:19

Health: -5/50      AC:  5    Str: 14    XL:     6   Next: 35%
Magic:  10/10      EV: 12    Int: 21    God:
Gold:   212        SH:  0    Dex: 15    Spells: 0 memorised, 7 levels left

rFire  . . .     SeeInvis .     b - +1 falchion
rCold  . . .     Gourm    .     o - +0 leather armour (curse)
rNeg   . . .     Faith    .     (no shield)
rPois  .         Spirit   .     u - +0 helmet
rElec  .         Dismiss  .     (no cloak)
rCorr  .         Reflect  .     v - +0 pair of gloves
SustAt +         Harm     .     (no boots)
MR     .....                    (no amulet)
Stlth  ++........               (no ring)
                                (no ring)

@: not resistant to hostile enchantments, unstealthy
A: high mp 1, sustain attributes
a: no special abilities


You were on level 4 of the Dungeon.
You were not hungry.

You visited 1 branch of the dungeon, and saw 4 of its levels.

You collected 212 gold pieces.

Inventory:

Hand Weapons
 b - a +1 falchion (weapon)
 e - a +0 dagger
 m - a +0 mace
 s - a +0 blowgun
Missiles
 q - 8 poisoned needles
Armour
 o - a cursed +0 leather armour (worn)
 u - a +0 helmet (worn)
 v - a +0 pair of gloves (worn)
Wands
 a - a wand of flame (12/48)
Scrolls
 g - a scroll of immolation
 l - a scroll of magic mapping
 p - a scroll of amnesia
Potions
 c - 2 potions of curing
 h - a potion of heal wounds {unknown}
 i - 2 potions of lignification
 j - a potion of magic {unknown}
 k - a potion of invisibility
 n - a potion of might
 r - a potion of resistance {unknown}
 t - 2 potions of haste
Books
 d - a book of Power

   Spells                             Type                      Level
   a - Fulminant Prism                Conjuration/Hexes            4
   b - Iskenderun's Mystic Blast      Conjuration                  4
   c - Venom Bolt                     Conjuration/Poison           5
   d - Bolt of Magma                  Conjuration/Fire/Earth       5
   e - Iron Shot                      Conjuration/Earth            6
   f - Orb of Destruction             Conjuration                  7
   g - Spellforged Servitor           Conjuration/Summoning        7
Comestibles
 f - 3 bread rations


   Skills:
 + Level 2.7 Fighting
 * Level 4.2 Long Blades
 + Level 2.2 Armour
 - Level 2.1 Dodging
 - Level 2.6 Stealth
 - Level 1.0 Spellcasting
   Level 1.7 Summonings
   Level 1.7 Poison Magic
 - Level 1.0 Evocations


You had 7 spell levels left.
You didn't know any spells.

Dungeon Overview and Level Annotations

Branches:
Dungeon (4/15)
 Temple: D:4-7


Innate Abilities, Weirdness & Mutations

You have an increased reservoir of magic (+10% MP).
Your attributes are resistant to harm.


Message History

The orc throws a tomahawk.
The tomahawk hits you.
* * * LOW HITPOINT WARNING * * *
The orc closely misses you. The orc completely misses you.
The orc hits you but does no damage.
You hear some strange, mumbled words.
Something tries to affect you, but you resist.
Unknown command.
You hit something.
Reactivating autopickup.
You feel a bit more experienced. The orc closely misses you. x2
The orc barely misses you. x2
You hit the orc.
The orc is heavily wounded.
The orc hits you with a club.
* * * LOW HITPOINT WARNING * * *
The orc closely misses you. The orc hits you with a mace.
* * * LOW HITPOINT WARNING * * *
The orc hits you but does no damage. The orc hits you with a morningstar!
You die...

................
#.............
##...........
###...#....####
##....###...#
##...### #...#
##...## #...####
###..###
##.....# ##oo@##
#.....# #.oo##
#...... #...##
#...... .....##
#...... #...
#..)... #..
#....... #.
#....... .
#.......
#.......


You could see 4 orcs.

Vanquished Creatures
  Grinder (D:3)
  An orc wizard (D:4)
  Robin (D:3)
  3 gnolls (D:3)
  4 adders
  2 dart slugs
  6 giant geckos
  6 orcs (D:3)
  3 ball pythons
  9 bats
  A giant cockroach (D:1)
  15 goblins
  9 hobgoblins
  7 jackals (D:3)
  10 kobolds
  4 quokkas
  6 giant newts
  A jackal skeleton (D:4)
  14 rats
103 creatures vanquished.

Notes
Turn   | Place    | Note
--------------------------------------------------------------
     0 | D:1      | wvc the Demigod Wanderer began the quest for the Orb.
     0 | D:1      | wvc set off with: a wand of flame (15/48), a +0 falchion, a potion of curing, a +0 robe, a +0 dagger, a bread ration
     0 | D:1      | Reached XP level 1. HP: 16/16 MP: 4/4
   343 | D:1      | Reached skill level 1 in Long Blades
   398 | D:1      | Reached XP level 2. HP: 17/23 MP: 5/5
   648 | D:1      | Reached skill level 1 in Dodging
  1103 | D:2      | Reached XP level 3. HP: 9/28 MP: 6/6
  1809 | D:2      | Found a sacrificial altar of Ru.
  2338 | D:3      | Reached skill level 2 in Long Blades
  2347 | D:3      | Noticed Robin
  2355 | D:3      | Killed Robin
  2355 | D:3      | Reached XP level 4. HP: 23/36 MP: 8/8
  3306 | D:3      | Reached skill level 1 in Armour
  3518 | D:3      | Reached XP level 5. HP: 35/41 MP: 9/9
  3559 | D:3      | Reached skill level 3 in Long Blades
  3693 | D:3      | Noticed Grinder
  3708 | D:3      | Paralysed by Grinder for 6 turns
  3716 | D:3      | Killed Grinder
  3716 | D:3      | Reached skill level 4 in Long Blades
  3716 | D:3      | Reached XP level 6. HP: 12/50 MP: 10/10
  4465 | D:4      | Slain by an orc

Vault maps used:
D:1:      minmay_arrival_jagged
D:2:      nicolae_ru_sacrificial_ziggurat, st_stairs_3
D:3:      first_bread, hex_tiny, uniq_grinder, uniq_robin
D:4:      nemelex_xobeh_ov_fountains_minmay, lemuel_zombie_altar_yredelemnul,
          st_stairs_3, minivault_25

Skill      XL: |  1  2  3  4  5 |
---------------+----------------+-----
Long Blades    | 1 2 4 |  4.2
Dodging        | 1 2 |  2.1
Fighting       | 2 |  2.7
Armour         | 1 2 |  2.2
Stealth        | |  2.6
Spellcasting   | |  1.0
Summonings     | |  1.7
Poison Magic   | |  1.7
Evocations     | |  1.0

Action                   |  1- 3 |  4- 6 || total
-------------------------+-------+-------++-------
Melee: Falchion          |   165 |   174 ||   339
Evoke: Wand              |     2 |    21 ||    23
  Use: Scroll            |       |    10 ||    10
 Stab: Sleeping          |     8 |     2 ||    10
  Eat: Chunk             |     4 |     1 ||     5
       Fruit             |     5 |       ||     5
       Meat ration       |       |     1 ||     1
Armor: Robe              |    30 |       ||    30
       Leather armour    |    18 |    57 ||    75
Dodge: Dodged            |   130 |   118 ||   248
